Capitals vs Penguins
Created - 17 novembre 2013 at 08:48
Goals
|
| Capitals |
2 |
0 |
0 |
2 |
| Penguins |
1 |
0 |
0 |
1 |
|
Shots
|
| Capitals |
10 |
10 |
7 |
27 |
| Penguins |
8 |
16 |
11 |
35 |
|
1st period
1. Capitals , Bobby Ryan 6 (Zach Parise, Brooks Laich) at 9:20 (PP)
2. Penguins , Peter Forsberg 3 (Taylor Pyatt) at 14:12
3. Capitals , Bryce Salvador 1 (Zach Parise, Bobby Ryan) at 16:21 (PP)
Penalties :
Thomas Vanek (Was) for Holding (Minor) at 5:12, Denis Arkhipov (Pit) for High sticking (Minor) at 9:08, Andy Sutton (Pit) for Tripping (Minor) at 10:52, Andy Sutton (Pit) for Interference (Minor) at 15:03
2nd period
No Goal
Penalties :
Ryan Kesler (Pit) for Tripping (Minor) at 11:29
3rd period
No Goal
Penalties :
Ted Purcell (Pit) for Hooking (Minor) at 3:16, Carlo Colaiacovo (Pit) for Roughing (Minor) at 6:24
Goalie Stats
Niklas Backstrom (Was), 34 saves from 35 shots - (0,971), W, 4-6-1, 60:00 minutes
Ondrej Pavelec (Pit), 25 saves from 27 shots - (0,926), L, 0-4-1, 59:15 minutes
Players Stats for Capitals
Player Name G A P +/- PIM S H SB GA TA FO MP PP MP PK MP
------------------------------------------------------------------------------------
Ales Hemsky 0 0 0 -1 0 1 0 0 0 0 0/0 14:42 2:27 0:00
Anton Volchenkov 0 0 0 -1 0 1 0 2 0 1 0/0 28:14 5:28 0:59
Bobby Ryan 1 1 2 0 0 4 2 1 0 1 1/3 23:15 5:43 0:12
Brian Rafalski 0 0 0 0 0 0 0 0 1 3 0/0 17:53 0:00 0:59
Brooks Laich 0 1 1 -1 0 1 0 1 0 0 6/12 17:12 5:37 0:46
Bryce Salvador 1 0 1 0 0 1 3 1 0 0 0/0 17:08 3:58 1:00
Ed Jovanovski 0 0 0 0 0 2 1 2 0 0 0/0 20:25 5:28 0:00
Evgeni Malkin 0 0 0 0 0 2 0 1 1 1 11/27 16:28 0:18 0:09
Francis Bouillon 0 0 0 0 0 1 2 0 0 0 0/0 16:28 3:58 1:00
Milan Michalek 0 0 0 -1 0 1 1 1 1 1 0/1 13:22 0:31 1:01
Nicklas Backstrom 0 0 0 0 0 1 3 0 1 0 7/15 17:27 3:31 1:04
Peter Regin 0 0 0 0 0 1 1 0 0 0 2/4 8:31 0:00 0:00
Phil Kessel 0 0 0 0 0 0 0 1 0 1 0/0 6:23 0:52 0:00
Ryan Suter 0 0 0 -1 0 1 0 3 0 0 0/0 19:52 0:00 0:00
Steve Sullivan 0 0 0 0 0 1 0 1 0 0 1/1 10:22 0:00 0:46
T.J. Oshie 0 0 0 0 0 0 0 0 0 1 0/0 10:51 0:24 0:00
Thomas Vanek 0 0 0 0 2 1 1 0 0 0 1/2 16:18 3:34 0:00
Zach Parise 0 2 2 0 0 8 4 0 0 1 0/2 23:09 5:21 0:00
Players Stats for Penguins
Player Name G A P +/- PIM S H SB GA TA FO MP PP MP PK MP
------------------------------------------------------------------------------------
Andy Sutton 0 0 0 0 4 0 1 1 2 1 0/0 17:25 0:50 2:13
Carlo Colaiacovo 0 0 0 0 2 3 1 1 1 0 0/0 14:46 0:50 1:06
Dainius Zubrus 0 0 0 0 0 0 4 2 0 0 0/0 15:40 0:00 5:03
Darren Reid 0 0 0 0 0 3 2 0 1 0 1/1 16:41 1:01 0:00
Denis Arkhipov 0 0 0 0 2 1 0 0 1 0 6/10 15:27 0:00 4:51
Derian Hatcher 0 0 0 1 0 0 2 1 0 0 0/0 27:23 1:09 6:07
Jere Lehtinen 0 0 0 0 0 0 0 0 0 0 0/1 7:05 0:00 0:00
Marc-Édouard Vlasic 0 0 0 1 0 4 2 1 1 0 0/0 23:11 1:09 0:00
Mike Watt 0 0 0 0 0 0 0 0 0 0 0/1 10:48 0:00 2:05
Peter Forsberg 1 0 1 1 0 3 0 2 0 0 21/33 21:09 1:01 3:48
Riley Armstrong 0 0 0 0 0 1 1 0 0 0 1/4 7:31 0:00 0:47
Ryan Getzlaf 0 0 0 0 0 0 3 0 0 1 0/0 15:52 0:58 0:00
Ryan Kesler 0 0 0 0 2 7 0 1 1 0 8/15 16:22 0:58 0:00
Steve Staios 0 0 0 0 0 4 0 1 0 0 0/0 22:59 0:00 6:07
Taylor Pyatt 0 1 1 1 0 1 0 0 1 1 0/1 17:00 1:01 0:00
Ted Purcell 0 0 0 1 2 5 2 0 2 0 1/1 16:44 0:58 0:00
Tom Preissing 0 0 0 0 0 2 0 2 0 1 0/0 15:23 0:00 3:19
Ville Peltonen 0 0 0 0 0 1 0 0 0 0 0/0 9:02 0:00 2:18
3 Stars
1 - Niklas Backstrom (Was)
2 - Bobby Ryan (Was)
3 - Zach Parise (Was)
Power Play
Capitals - 2 on 6 Attempt(s) - 33,33%
Penguins - 0 on 1 Attempt(s) - 0,00%
Penalty Kill
Capitals - 1 on 1 Attempt(s) - 100,00%
- Score 0 goal in Penalty Kill
Penguins - 4 on 6 Attempt(s) - 66,67%
- Score 0 goal in Penalty Kill
Official
Referees : McCauley Wes and Hebert Ghislain
Linesman : Jonny Murray and Scott Driscoll
Game Notes
Phil Kessel is injured at 6:55 of 2nd period (Strained Back)
Finance
Level 1 -- Attendance: 5280 (88,00%) -- Ticket Income 411 840 $
Level 2 -- Attendance: 2916 (58,32%) -- Ticket Income 218 700 $
Level 3 -- Attendance: 1725 (86,25%) -- Ticket Income 44 850 $
Level 4 -- Attendance: 3450 (86,25%) -- Ticket Income 58 650 $
Luxury Box -- Attendance: 859 (85,90%) -- Ticket Income 136 581 $
Game was played at the Igloo
Total Attendance: 14230 (79,06%)
Total Ticket Income: 870 621 $
Other Income: 130 593 $
Total Income: 1 001 214 $
Capitals
5 vs 5 Forward
Center Left Wing Right Wing Time % Phy DF OF
1 Evgeni Malkin Zach Parise Bobby Ryan 40 0 2 3
2 Nicklas Backstrom Thomas Vanek Phil Kessel 30 0 2 3
3 Brooks Laich Milan Michalek Ales Hemsky 20 1 2 2
4 Peter Regin Steve Sullivan T.J. Oshie 10 1 2 2
5 vs 5 Defense
Defense Defense Time % Phy DF OF
1 Anton Volchenkov Ryan Suter 40 2 2 1
2 Ed Jovanovski Brian Rafalski 30 1 2 2
3 Bryce Salvador Francis Bouillon 20 1 2 2
4 Brian Rafalski Anton Volchenkov 10 1 2 2
PowerPlay Forward
Center Left Wing Right Wing Time % Phy DF OF
1 Brooks Laich Zach Parise Bobby Ryan 60 1 2 2
2 Nicklas Backstrom Thomas Vanek Phil Kessel 40 1 2 2
PowerPlay Defense
Defense Defense Time % Phy DF OF
1 Anton Volchenkov Ed Jovanovski 60 1 2 2
2 Francis Bouillon Bryce Salvador 40 1 2 2
Penalty Kill 4 Players Forward
Center Wing Time % Phy DF OF
1 Nicklas Backstrom Thomas Vanek 60 1 2 2
2 Brooks Laich Bobby Ryan 40 1 2 2
Penalty Kill 4 Players Defense
Defense Defense Time % Phy DF OF
1 Anton Volchenkov Brian Rafalski 60 1 2 2
2 Francis Bouillon Bryce Salvador 40 1 2 2
Penalty Kill - 3 Players Forward
Forward Time % Phy DF OF
1 Brooks Laich 60 1 2 2
2 Nicklas Backstrom 40 1 2 2
Penalty Kill - 3 Players Defense
Defense Defense Time % Phy DF OF
1 Anton Volchenkov Brian Rafalski 60 1 2 2
2 Francis Bouillon Bryce Salvador 40 1 2 2
4 vs 4 Forward
Center Wing Time % Phy DF OF
1 Brooks Laich Thomas Vanek 60 1 2 2
2 Nicklas Backstrom Bobby Ryan 40 1 2 2
4 vs 4 Defense
Defense Defense Time % Phy DF OF
1 Anton Volchenkov Brian Rafalski 60 1 2 2
2 Francis Bouillon Bryce Salvador 40 1 2 2
Last Minutes Offensive
Center Left Wing Right Wing Defense Defense
Brooks Laich Milan Michalek Bobby Ryan Anton Volchenkov Brian Rafalski
Last Minutes Defensive
Center Left Wing Right Wing Defense Defense
Brooks Laich Milan Michalek Bobby Ryan Anton Volchenkov Brian Rafalski
Goaltenders
Starting : Niklas Backstrom
Backup : Nikolai Khabibulin
Extra Forwards
Normal : Nicklas Backstrom, Zach Parise, Bobby Ryan - PP : Nicklas Backstrom, Zach Parise - PK : Thomas Vanek
Extra Defensemen
Normal : Anton Volchenkov, Ryan Suter, Francis Bouillon - PP : Brian Rafalski - PK : Ryan Suter, Ed Jovanovski
Penalty Shots
Zach Parise, Bobby Ryan, Nicklas Backstrom, Thomas Vanek, Brooks Laich
Penguins
5 vs 5 Forward
Center Left Wing Right Wing Time % Phy DF OF
1 Ryan Kesler Ryan Getzlaf Darren Reid 40 1 1 3
2 Peter Forsberg Taylor Pyatt Ted Purcell 39 1 1 3
3 Denis Arkhipov Mike Watt Dainius Zubrus 16 1 2 2
4 Riley Armstrong Ville Peltonen Jere Lehtinen 5 1 2 2
5 vs 5 Defense
Defense Defense Time % Phy DF OF
1 Marc-Édouard Vlasic Derian Hatcher 40 1 1 3
2 Steve Staios Andy Sutton 30 1 2 2
3 Tom Preissing Carlo Colaiacovo 20 1 2 2
4 Marc-Édouard Vlasic Steve Staios 10 1 1 3
PowerPlay Forward
Center Left Wing Right Wing Time % Phy DF OF
1 Peter Forsberg Taylor Pyatt Darren Reid 60 0 1 4
2 Ryan Getzlaf Ryan Kesler Ted Purcell 40 1 1 3
PowerPlay Defense
Defense Defense Time % Phy DF OF
1 Derian Hatcher Marc-Édouard Vlasic 60 0 1 4
2 Carlo Colaiacovo Andy Sutton 40 1 1 3
Penalty Kill 4 Players Forward
Center Wing Time % Phy DF OF
1 Denis Arkhipov Dainius Zubrus 60 1 3 1
2 Peter Forsberg Ville Peltonen 40 1 3 1
Penalty Kill 4 Players Defense
Defense Defense Time % Phy DF OF
1 Steve Staios Derian Hatcher 60 1 3 1
2 Andy Sutton Tom Preissing 40 1 3 1
Penalty Kill - 3 Players Forward
Forward Time % Phy DF OF
1 Denis Arkhipov 60 1 3 1
2 Ville Peltonen 40 1 3 1
Penalty Kill - 3 Players Defense
Defense Defense Time % Phy DF OF
1 Derian Hatcher Steve Staios 60 1 3 1
2 Andy Sutton Tom Preissing 40 1 3 1
4 vs 4 Forward
Center Wing Time % Phy DF OF
1 Peter Forsberg Darren Reid 60 1 1 3
2 Ryan Kesler Taylor Pyatt 40 1 1 3
4 vs 4 Defense
Defense Defense Time % Phy DF OF
1 Derian Hatcher Marc-Édouard Vlasic 60 1 1 3
2 Carlo Colaiacovo Steve Staios 40 1 1 3
Last Minutes Offensive
Center Left Wing Right Wing Defense Defense
Peter Forsberg Taylor Pyatt Darren Reid Steve Staios Marc-Édouard Vlasic
Last Minutes Defensive
Center Left Wing Right Wing Defense Defense
Ryan Getzlaf Ville Peltonen Darren Reid Derian Hatcher Tom Preissing
Goaltenders
Starting : Ondrej Pavelec
Backup : Brian Elliott
Extra Forwards
Normal : Ryan Kesler, Ryan Getzlaf, Darren Reid - PP : Ryan Kesler, Darren Reid - PK : Dainius Zubrus
Extra Defensemen
Normal : Steve Staios, Marc-Édouard Vlasic, Andy Sutton - PP : Marc-Édouard Vlasic - PK : Andy Sutton, Derian Hatcher
Penalty Shots
Peter Forsberg, Ted Purcell, Ryan Kesler, Darren Reid, Taylor Pyatt
% Time on Ice - Capitals
Lines # - Real PCT - Wanted PCT - Time Play
Normal Forward
1 - 30% - 40% - 14:06
2 - 35% - 30% - 16:50
3 - 17% - 20% - 8:07
4 - 18% - 10% - 8:23
Normal Defense
1 - 41% - 40% - 19:20
2 - 30% - 30% - 14:06
3 - 24% - 20% - 11:28
4 - 5% - 10% - 2:32
PP Forward
1 - 57% - 60% - 5:21
2 - 43% - 40% - 4:05
PP Defense
1 - 58% - 60% - 5:28
2 - 42% - 40% - 3:58
PK Forward
1 - 90% - 60% - 1:47
2 - 10% - 40% - 0:12
PK Defense
1 - 50% - 60% - 0:59
2 - 50% - 40% - 1:00
PK3 Forward
1 - 0% - 60%
2 - 0% - 40%
PK3 Defense
1 - 0% - 60%
2 - 0% - 40%
44 Forward
1 - 0% - 60%
2 - 0% - 40%
44 Defense
1 - 0% - 60%
2 - 0% - 40%
Last Minute Offensive - 0:00
Last Minute Defensive - 1:09
Total
Forward - 60:00
Defense - 60:00
|
% Time on Ice - Penguins
Lines # - Real PCT - Wanted PCT - Time Play
Normal Forward
1 - 36% - 40% - 17:41
2 - 33% - 39% - 15:47
3 - 17% - 16% - 8:18
4 - 14% - 5% - 6:44
Normal Defense
1 - 42% - 40% - 20:34
2 - 28% - 30% - 13:21
3 - 24% - 20% - 11:37
4 - 6% - 10% - 2:58
PP Forward
1 - 51% - 60% - 1:01
2 - 49% - 40% - 0:58
PP Defense
1 - 58% - 60% - 1:09
2 - 42% - 40% - 0:50
PK Forward
1 - 76% - 60% - 7:08
2 - 24% - 40% - 2:18
PK Defense
1 - 65% - 60% - 6:07
2 - 35% - 40% - 3:19
PK3 Forward
1 - 0% - 60%
2 - 0% - 40%
PK3 Defense
1 - 0% - 60%
2 - 0% - 40%
44 Forward
1 - 0% - 60%
2 - 0% - 40%
44 Defense
1 - 0% - 60%
2 - 0% - 40%
Last Minute Offensive - 0:05
Last Minute Defensive - 0:00
Total
Forward - 60:00
Defense - 60:00
|
Play by Play
1st period
0:01 of 1st period - Ryan Kesler wins face-off versus Evgeni Malkin in neutral zone.
0:14 of 1st period - Wrist shot by Evgeni Malkin.
0:14 of 1st period - Stopped by Ondrej Pavelec with a rebound.
0:16 of 1st period - Slapshot by Ryan Suter.
0:16 of 1st period - Deflect By Zach Parise.
0:16 of 1st period - Stopped by Ondrej Pavelec without a rebound.
0:17 of 1st period - Peter Forsberg wins face-off versus Nicklas Backstrom in Penguins zone.
0:17 of 1st period - Peter Forsberg is hit by Nicklas Backstrom.
2:13 of 1st period - Snap shot by Brooks Laich.
2:13 of 1st period - Stopped by Ondrej Pavelec without a rebound.
2:14 of 1st period - Evgeni Malkin wins face-off versus Ryan Kesler in Penguins zone.
2:18 of 1st period - Slapshot by Ryan Suter.
2:18 of 1st period - Stopped by Ondrej Pavelec without a rebound.
2:19 of 1st period - Ryan Kesler wins face-off versus Evgeni Malkin in Penguins zone.
3:12 of 1st period - Wrist shot by Dainius Zubrus.
3:12 of 1st period - Deflect By Denis Arkhipov.
3:12 of 1st period - Shot Misses the Net.
3:12 of 1st period - Puck is out of play.
3:13 of 1st period - Evgeni Malkin wins face-off versus Ryan Kesler in Capitals zone.
3:13 of 1st period - Evgeni Malkin is hit by Darren Reid.
3:31 of 1st period - Ryan Getzlaf is hit by Zach Parise and loses puck.
3:52 of 1st period - Wrist shot by Peter Forsberg.
3:52 of 1st period - Deflect By Ted Purcell.
3:52 of 1st period - Shot Blocked by Bryce Salvador.
3:52 of 1st period - Puck is out of play.
3:53 of 1st period - Peter Regin wins face-off versus Riley Armstrong in Capitals zone.
5:12 of 1st period - Minor Penalty to Thomas Vanek for Holding.
5:13 of 1st period - Peter Forsberg wins face-off versus Nicklas Backstrom in Capitals zone.
5:53 of 1st period - Wrist shot by Ryan Kesler.
5:53 of 1st period - Stopped by Niklas Backstrom with a rebound.
7:12 of 1st period - Penalty to Thomas Vanek is over, Thomas Vanek is back on ice.
7:20 of 1st period - Snap shot by Evgeni Malkin.
7:20 of 1st period - Shot Blocked by Andy Sutton.
7:33 of 1st period - Ryan Suter is hit by Dainius Zubrus and loses puck.
8:03 of 1st period - Ville Peltonen is hit by Ed Jovanovski and loses puck.
8:31 of 1st period - Peter Forsberg is hit by Nicklas Backstrom and loses puck.
8:53 of 1st period - Jere Lehtinen is hit by Bryce Salvador and loses puck.
9:07 of 1st period - Icing by Brian Rafalski.
9:08 of 1st period - Bobby Ryan wins face-off versus Denis Arkhipov in Capitals zone.
9:08 of 1st period - Minor Penalty to Denis Arkhipov for High sticking.
9:09 of 1st period - Brooks Laich wins face-off versus Peter Forsberg in Penguins zone.
9:12 of 1st period - Snap shot by Bobby Ryan.
9:12 of 1st period - Shot Misses the Net.
9:14 of 1st period - Slapshot by Anton Volchenkov.
9:14 of 1st period - Shot Blocked by Peter Forsberg.
9:16 of 1st period - Snap shot by Brooks Laich.
9:16 of 1st period - Shot Misses the Net.
9:18 of 1st period - Slapshot by Zach Parise.
9:18 of 1st period - Shot Blocked by Dainius Zubrus.
9:20 of 1st period - Backhand shot by Bobby Ryan.
9:20 of 1st period - Goal by Bobby Ryan - Capitals : 1 - Penguins : 0.
9:21 of 1st period - Evgeni Malkin wins face-off versus Peter Forsberg in neutral zone.
9:24 of 1st period - Snap shot by Bobby Ryan.
9:24 of 1st period - Deflect By Marc-Édouard Vlasic.
9:24 of 1st period - Shot Misses the Net.
9:24 of 1st period - Puck is out of play.
9:25 of 1st period - Peter Forsberg wins face-off versus Evgeni Malkin in Penguins zone.
9:32 of 1st period - Snap shot by Peter Forsberg.
9:32 of 1st period - Shot Blocked by Ryan Suter.
10:16 of 1st period - Slapshot by Milan Michalek.
10:16 of 1st period - Deflect By Brooks Laich.
10:16 of 1st period - Shot Misses the Net.
10:16 of 1st period - Puck is out of play.
10:17 of 1st period - Peter Forsberg wins face-off versus Brooks Laich in Penguins zone.
10:42 of 1st period - Steve Staios is hit by Zach Parise and loses puck.
10:52 of 1st period - Minor Penalty to Andy Sutton for Tripping.
10:53 of 1st period - Denis Arkhipov wins face-off versus Bobby Ryan in Penguins zone.
11:08 of 1st period - Wrist shot by Zach Parise.
11:08 of 1st period - Stopped by Ondrej Pavelec with a rebound.
11:52 of 1st period - Bobby Ryan is hit by Dainius Zubrus and loses puck.
12:52 of 1st period - Penalty to Andy Sutton is over, Andy Sutton is back on ice.
13:26 of 1st period - Wrist shot by Darren Reid.
13:26 of 1st period - Deflect By Ryan Kesler.
13:26 of 1st period - Shot Misses the Net.
13:26 of 1st period - Puck is out of play.
13:27 of 1st period - Ryan Kesler wins face-off versus Peter Regin in Capitals zone.
13:50 of 1st period - Ryan Getzlaf is hit by Bryce Salvador.
14:08 of 1st period - Wrist shot by Darren Reid.
14:08 of 1st period - Stopped by Niklas Backstrom without a rebound.
14:09 of 1st period - Peter Forsberg wins face-off versus Brooks Laich in Capitals zone.
14:12 of 1st period - Snap shot by Peter Forsberg.
14:12 of 1st period - Goal by Peter Forsberg - Capitals : 1 - Penguins : 1.
14:13 of 1st period - Peter Forsberg wins face-off versus Evgeni Malkin in neutral zone.
14:16 of 1st period - Slapshot by Marc-Édouard Vlasic.
14:16 of 1st period - Stopped by Niklas Backstrom with a rebound.
14:22 of 1st period - Taylor Pyatt is hit by Zach Parise and loses puck.
14:46 of 1st period - Snap shot by Steve Staios.
14:46 of 1st period - Deflect By Nicklas Backstrom.
14:46 of 1st period - Stopped by Niklas Backstrom without a rebound.
14:47 of 1st period - Peter Forsberg wins face-off versus Nicklas Backstrom in Capitals zone.
15:03 of 1st period - Minor Penalty to Andy Sutton for Interference.
15:04 of 1st period - Brooks Laich wins face-off versus Denis Arkhipov in Penguins zone.
15:05 of 1st period - Snap shot by Zach Parise.
15:05 of 1st period - Shot Blocked by Derian Hatcher.
15:15 of 1st period - Wrist shot by Bobby Ryan.
15:15 of 1st period - Stopped by Ondrej Pavelec with a rebound.
15:17 of 1st period - Wrist shot by Zach Parise.
15:17 of 1st period - Shot Blocked by Dainius Zubrus.
15:19 of 1st period - Slapshot by Ed Jovanovski.
15:19 of 1st period - Stopped by Ondrej Pavelec without a rebound.
15:20 of 1st period - Denis Arkhipov wins face-off versus Brooks Laich in Penguins zone.
15:52 of 1st period - Peter Forsberg is hit by Bobby Ryan and loses puck.
16:19 of 1st period - Snap shot by Zach Parise.
16:19 of 1st period - Stopped by Ondrej Pavelec with a rebound.
16:21 of 1st period - Slapshot by Bryce Salvador.
16:21 of 1st period - Goal by Bryce Salvador - Capitals : 2 - Penguins : 1.
16:22 of 1st period - Peter Forsberg wins face-off versus Nicklas Backstrom in neutral zone.
16:32 of 1st period - Snap shot by Peter Forsberg.
16:32 of 1st period - Deflect By Taylor Pyatt.
16:32 of 1st period - Shot Blocked by Phil Kessel.
16:32 of 1st period - Puck is out of play.
16:33 of 1st period - Peter Forsberg wins face-off versus Nicklas Backstrom in Capitals zone.
16:58 of 1st period - Derian Hatcher is hit by Zach Parise and loses puck.
17:05 of 1st period - Snap shot by Steve Staios.
17:05 of 1st period - Deflect By Anton Volchenkov.
17:05 of 1st period - Stopped by Niklas Backstrom with a rebound.
17:07 of 1st period - Snap shot by Darren Reid.
17:07 of 1st period - Shot Misses the Net.
18:04 of 1st period - Snap shot by Peter Forsberg.
18:04 of 1st period - Stopped by Niklas Backstrom without a rebound.
18:05 of 1st period - Nicklas Backstrom wins face-off versus Peter Forsberg in Capitals zone.
18:39 of 1st period - Wrist shot by Milan Michalek.
18:39 of 1st period - Shot Misses the Net.
19:03 of 1st period - Slapshot by Bobby Ryan.
19:03 of 1st period - Shot Misses the Net.
19:17 of 1st period - Icing by Ed Jovanovski.
19:18 of 1st period - Peter Regin wins face-off versus Riley Armstrong in Capitals zone.
19:27 of 1st period - Wrist shot by Riley Armstrong.
19:27 of 1st period - Shot Misses the Net.
19:29 of 1st period - Slapshot by Carlo Colaiacovo.
19:29 of 1st period - Deflect By Ville Peltonen.
19:29 of 1st period - Shot Misses the Net.
19:29 of 1st period - Puck is out of play.
19:30 of 1st period - Peter Forsberg wins face-off versus Evgeni Malkin in Capitals zone.
19:37 of 1st period - Snap shot by Peter Forsberg.
19:37 of 1st period - Shot Misses the Net.
19:39 of 1st period - Snap shot by Taylor Pyatt.
19:39 of 1st period - Shot Misses the Net.
19:41 of 1st period - Wrist shot by Taylor Pyatt.
19:41 of 1st period - Stopped by Niklas Backstrom without a rebound.
19:42 of 1st period - Peter Forsberg wins face-off versus Evgeni Malkin in Capitals zone.
19:45 of 1st period - Snap shot by Peter Forsberg.
19:45 of 1st period - Shot Misses the Net.
19:55 of 1st period - Snap shot by Ted Purcell.
19:55 of 1st period - Shot Misses the Net.
2nd period
0:01 of 2nd period - Peter Forsberg wins face-off versus Zach Parise in neutral zone.
0:12 of 2nd period - Slapshot by Brian Rafalski.
0:12 of 2nd period - Deflect By Bobby Ryan.
0:12 of 2nd period - Stopped by Ondrej Pavelec without a rebound.
0:13 of 2nd period - Darren Reid wins face-off versus Evgeni Malkin in Penguins zone.
0:18 of 2nd period - Snap shot by Marc-Édouard Vlasic.
0:18 of 2nd period - Stopped by Niklas Backstrom without a rebound.
0:19 of 2nd period - Ryan Kesler wins face-off versus Evgeni Malkin in Capitals zone.
1:31 of 2nd period - Snap shot by Brooks Laich.
1:31 of 2nd period - Shot Misses the Net.
1:33 of 2nd period - Wrist shot by Ales Hemsky.
1:33 of 2nd period - Stopped by Ondrej Pavelec without a rebound.
1:34 of 2nd period - Evgeni Malkin wins face-off versus Ryan Kesler in Penguins zone.
1:53 of 2nd period - Bobby Ryan is hit by Ryan Getzlaf and loses puck.
2:10 of 2nd period - Snap shot by Thomas Vanek.
2:10 of 2nd period - Shot Misses the Net.
2:12 of 2nd period - Wrist shot by Thomas Vanek.
2:12 of 2nd period - Stopped by Ondrej Pavelec with a rebound.
3:10 of 2nd period - Snap shot by Ryan Kesler.
3:10 of 2nd period - Shot Blocked by Bobby Ryan.
3:12 of 2nd period - Slapshot by Tom Preissing.
3:12 of 2nd period - Stopped by Niklas Backstrom without a rebound.
3:13 of 2nd period - Peter Forsberg wins face-off versus Zach Parise in Capitals zone.
3:14 of 2nd period - Snap shot by Ted Purcell.
3:14 of 2nd period - Deflect By Peter Forsberg.
3:14 of 2nd period - Shot Misses the Net.
3:14 of 2nd period - Puck is out of play.
3:15 of 2nd period - Evgeni Malkin wins face-off versus Peter Forsberg in Capitals zone.
3:26 of 2nd period - Wrist shot by Evgeni Malkin.
3:26 of 2nd period - Shot Misses the Net.
3:28 of 2nd period - Snap shot by Zach Parise.
3:28 of 2nd period - Stopped by Ondrej Pavelec without a rebound.
3:29 of 2nd period - Ryan Kesler wins face-off versus Evgeni Malkin in Penguins zone.
4:00 of 2nd period - Ryan Getzlaf is hit by Milan Michalek and loses puck.
4:09 of 2nd period - Snap shot by Brooks Laich.
4:09 of 2nd period - Shot Blocked by Marc-Édouard Vlasic.
4:15 of 2nd period - Brooks Laich is hit by Derian Hatcher and loses puck.
4:33 of 2nd period - Wrist shot by Ryan Kesler.
4:33 of 2nd period - Deflect By Darren Reid.
4:33 of 2nd period - Stopped by Niklas Backstrom with a rebound.
4:35 of 2nd period - Slapshot by Ryan Getzlaf.
4:35 of 2nd period - Shot Misses the Net.
5:01 of 2nd period - Brooks Laich is hit by Darren Reid and loses puck.
5:20 of 2nd period - Backhand shot by Ryan Kesler.
5:20 of 2nd period - Stopped by Niklas Backstrom with a rebound.
5:22 of 2nd period - Slapshot by Darren Reid.
5:22 of 2nd period - Stopped by Niklas Backstrom without a rebound.
5:23 of 2nd period - Peter Forsberg wins face-off versus Evgeni Malkin in Capitals zone.
5:36 of 2nd period - Snap shot by Evgeni Malkin.
5:36 of 2nd period - Shot Blocked by Peter Forsberg.
5:38 of 2nd period - Backhand shot by Anton Volchenkov.
5:38 of 2nd period - Stopped by Ondrej Pavelec with a rebound.
5:48 of 2nd period - Phil Kessel is hit by Dainius Zubrus and loses puck.
6:54 of 2nd period - Phil Kessel is hit by Andy Sutton.
6:55 of 2nd period - Phil Kessel from Capitals is injured at 6:55 of 2nd period (Strained Back).
6:56 of 2nd period - Evgeni Malkin wins face-off versus Peter Forsberg in Capitals zone.
7:03 of 2nd period - Bobby Ryan is hit by Marc-Édouard Vlasic and loses puck.
7:10 of 2nd period - Slapshot by Ryan Suter.
7:10 of 2nd period - Shot Blocked by Steve Staios.
7:12 of 2nd period - Snap shot by Bobby Ryan.
7:12 of 2nd period - Stopped by Ondrej Pavelec with a rebound.
7:32 of 2nd period - Wrist shot by Nicklas Backstrom.
7:32 of 2nd period - Shot Misses the Net.
7:48 of 2nd period - Snap shot by Peter Regin.
7:48 of 2nd period - Shot Misses the Net.
7:50 of 2nd period - Slapshot by Francis Bouillon.
7:50 of 2nd period - Stopped by Ondrej Pavelec with a rebound.
7:52 of 2nd period - Snap shot by Steve Sullivan.
7:52 of 2nd period - Stopped by Ondrej Pavelec without a rebound.
7:53 of 2nd period - Peter Forsberg wins face-off versus Evgeni Malkin in Penguins zone.
8:04 of 2nd period - Wrist shot by Evgeni Malkin.
8:04 of 2nd period - Stopped by Ondrej Pavelec without a rebound.
8:05 of 2nd period - Ted Purcell wins face-off versus Evgeni Malkin in Penguins zone.
8:14 of 2nd period - Slapshot by Ted Purcell.
8:14 of 2nd period - Stopped by Niklas Backstrom with a rebound.
8:16 of 2nd period - Wrist shot by Ted Purcell.
8:16 of 2nd period - Stopped by Niklas Backstrom without a rebound.
8:17 of 2nd period - Peter Forsberg wins face-off versus Evgeni Malkin in Capitals zone.
8:18 of 2nd period - Wrist shot by Ted Purcell.
8:18 of 2nd period - Stopped by Niklas Backstrom with a rebound.
8:20 of 2nd period - Slapshot by Marc-Édouard Vlasic.
8:20 of 2nd period - Stopped by Niklas Backstrom with a rebound.
8:22 of 2nd period - Wrist shot by Ted Purcell.
8:22 of 2nd period - Shot Blocked by Anton Volchenkov.
8:24 of 2nd period - Slapshot by Derian Hatcher.
8:24 of 2nd period - Shot Misses the Net.
8:26 of 2nd period - Slapshot by Marc-Édouard Vlasic.
8:26 of 2nd period - Stopped by Niklas Backstrom without a rebound.
8:27 of 2nd period - Peter Forsberg wins face-off versus Evgeni Malkin in Capitals zone.
8:28 of 2nd period - Snap shot by Taylor Pyatt.
8:28 of 2nd period - Deflect By Peter Forsberg.
8:28 of 2nd period - Shot Blocked by Ryan Suter.
8:28 of 2nd period - Puck is out of play.
8:29 of 2nd period - Evgeni Malkin wins face-off versus Peter Forsberg in Capitals zone.
8:44 of 2nd period - Slapshot by Peter Forsberg.
8:44 of 2nd period - Shot Blocked by Anton Volchenkov.
9:00 of 2nd period - Snap shot by Nicklas Backstrom.
9:00 of 2nd period - Deflect By Thomas Vanek.
9:00 of 2nd period - Shot Blocked by Ryan Kesler.
9:00 of 2nd period - Puck is out of play.
9:01 of 2nd period - Nicklas Backstrom wins face-off versus Peter Forsberg in Penguins zone.
9:55 of 2nd period - Slapshot by Mike Watt.
9:55 of 2nd period - Shot Misses the Net.
10:00 of 2nd period - Off-side.
10:01 of 2nd period - Peter Forsberg wins face-off versus Thomas Vanek in neutral zone.
10:04 of 2nd period - Slapshot by Marc-Édouard Vlasic.
10:04 of 2nd period - Deflect By Ted Purcell.
10:04 of 2nd period - Stopped by Niklas Backstrom without a rebound.
10:05 of 2nd period - Nicklas Backstrom wins face-off versus Peter Forsberg in Capitals zone.
10:54 of 2nd period - Wrist shot by Peter Regin.
10:54 of 2nd period - Deflect By T.J. Oshie.
10:54 of 2nd period - Shot Misses the Net.
10:54 of 2nd period - Puck is out of play.
10:55 of 2nd period - Steve Sullivan wins face-off versus Peter Forsberg in Penguins zone.
11:24 of 2nd period - Wrist shot by Peter Regin.
11:24 of 2nd period - Stopped by Ondrej Pavelec with a rebound.
11:29 of 2nd period - Minor Penalty to Ryan Kesler for Tripping.
11:30 of 2nd period - Denis Arkhipov wins face-off versus Brooks Laich in Penguins zone.
12:23 of 2nd period - Andy Sutton is hit by Francis Bouillon and loses puck.
13:29 of 2nd period - Penalty to Ryan Kesler is over, Ryan Kesler is back on ice.
13:30 of 2nd period - Mike Watt is hit by Francis Bouillon.
13:40 of 2nd period - Snap shot by Ryan Kesler.
13:40 of 2nd period - Shot Hit the Post.
13:42 of 2nd period - Wrist shot by Ryan Kesler.
13:42 of 2nd period - Stopped by Niklas Backstrom with a rebound.
13:44 of 2nd period - Wrist shot by Ryan Kesler.
13:44 of 2nd period - Stopped by Niklas Backstrom without a rebound.
13:45 of 2nd period - Ryan Kesler wins face-off versus Peter Regin in Capitals zone.
13:48 of 2nd period - Wrist shot by Ryan Kesler.
13:48 of 2nd period - Stopped by Niklas Backstrom with a rebound.
13:54 of 2nd period - Wrist shot by Ryan Kesler.
13:54 of 2nd period - Stopped by Niklas Backstrom with a rebound.
13:58 of 2nd period - Snap shot by Ryan Kesler.
13:58 of 2nd period - Stopped by Niklas Backstrom without a rebound.
13:59 of 2nd period - Evgeni Malkin wins face-off versus Ryan Kesler in Capitals zone.
14:12 of 2nd period - Snap shot by Zach Parise.
14:12 of 2nd period - Shot Misses the Net.
14:24 of 2nd period - Thomas Vanek is hit by Carlo Colaiacovo and loses puck.
16:30 of 2nd period - Slapshot by Brian Rafalski.
16:30 of 2nd period - Shot Blocked by Tom Preissing.
17:28 of 2nd period - Marc-Édouard Vlasic is hit by Nicklas Backstrom and loses puck.
17:48 of 2nd period - Anton Volchenkov is hit by Derian Hatcher and loses puck.
17:52 of 2nd period - Icing by Anton Volchenkov.
17:53 of 2nd period - Evgeni Malkin wins face-off versus Ryan Kesler in Capitals zone.
17:53 of 2nd period - Evgeni Malkin is hit by Ryan Getzlaf.
18:01 of 2nd period - Icing by Ryan Getzlaf.
18:02 of 2nd period - Nicklas Backstrom wins face-off versus Ryan Kesler in Penguins zone.
18:09 of 2nd period - Slapshot by Thomas Vanek.
18:09 of 2nd period - Shot Blocked by Tom Preissing.
18:18 of 2nd period - Off-side.
18:19 of 2nd period - Brooks Laich wins face-off versus Taylor Pyatt in neutral zone.
19:04 of 2nd period - Off-side.
19:05 of 2nd period - Nicklas Backstrom wins face-off versus Mike Watt in neutral zone.
19:31 of 2nd period - Mike Watt is hit by Peter Regin and loses puck.
19:59 of 2nd period - Backhand shot by Denis Arkhipov.
19:59 of 2nd period - Shot Blocked by Evgeni Malkin.
3rd period
0:01 of 3rd period - Peter Forsberg wins face-off versus Evgeni Malkin in neutral zone.
0:11 of 3rd period - Off-side.
0:12 of 3rd period - Evgeni Malkin wins face-off versus Peter Forsberg in neutral zone.
0:28 of 3rd period - Off-side.
0:29 of 3rd period - Ryan Kesler wins face-off versus Nicklas Backstrom in neutral zone.
0:54 of 3rd period - Ed Jovanovski is hit by Ted Purcell and loses puck.
1:21 of 3rd period - Snap shot by Dainius Zubrus.
1:21 of 3rd period - Shot Blocked by Steve Sullivan.
1:41 of 3rd period - Slapshot by Zach Parise.
1:41 of 3rd period - Stopped by Ondrej Pavelec without a rebound.
1:42 of 3rd period - Riley Armstrong wins face-off versus Evgeni Malkin in Penguins zone.
1:55 of 3rd period - Snap shot by Ville Peltonen.
1:55 of 3rd period - Stopped by Niklas Backstrom with a rebound.
1:57 of 3rd period - Snap shot by Ville Peltonen.
1:57 of 3rd period - Shot Misses the Net.
1:59 of 3rd period - Slapshot by Riley Armstrong.
1:59 of 3rd period - Stopped by Niklas Backstrom without a rebound.
2:00 of 3rd period - Nicklas Backstrom wins face-off versus Peter Forsberg in Capitals zone.
3:11 of 3rd period - Wrist shot by Zach Parise.
3:11 of 3rd period - Stopped by Ondrej Pavelec without a rebound.
3:12 of 3rd period - Evgeni Malkin wins face-off versus Peter Forsberg in Penguins zone.
3:13 of 3rd period - Snap shot by Bobby Ryan.
3:13 of 3rd period - Shot Blocked by Carlo Colaiacovo.
3:15 of 3rd period - Snap shot by Zach Parise.
3:15 of 3rd period - Stopped by Ondrej Pavelec with a rebound.
3:16 of 3rd period - Minor Penalty to Ted Purcell for Hooking.
3:17 of 3rd period - Brooks Laich wins face-off versus Denis Arkhipov in Penguins zone.
3:20 of 3rd period - Slapshot by Zach Parise.
3:20 of 3rd period - Stopped by Ondrej Pavelec without a rebound.
3:21 of 3rd period - Denis Arkhipov wins face-off versus Brooks Laich in Penguins zone.
3:29 of 3rd period - Off-side.
3:30 of 3rd period - Brooks Laich wins face-off versus Denis Arkhipov in neutral zone.
3:43 of 3rd period - Slapshot by Denis Arkhipov.
3:43 of 3rd period - Shot Blocked by Ed Jovanovski.
4:04 of 3rd period - Snap shot by Nicklas Backstrom.
4:04 of 3rd period - Stopped by Ondrej Pavelec with a rebound.
4:06 of 3rd period - Slapshot by Ed Jovanovski.
4:06 of 3rd period - Stopped by Ondrej Pavelec with a rebound.
5:16 of 3rd period - Penalty to Ted Purcell is over, Ted Purcell is back on ice.
5:56 of 3rd period - Icing by Peter Forsberg.
5:57 of 3rd period - Nicklas Backstrom wins face-off versus Riley Armstrong in Penguins zone.
6:05 of 3rd period - Icing by Jere Lehtinen.
6:06 of 3rd period - Denis Arkhipov wins face-off versus Bobby Ryan in Penguins zone.
6:24 of 3rd period - Minor Penalty to Carlo Colaiacovo for Roughing.
6:25 of 3rd period - Denis Arkhipov wins face-off versus Brooks Laich in Penguins zone.
6:50 of 3rd period - Derian Hatcher is hit by Thomas Vanek and loses puck.
8:22 of 3rd period - Milan Michalek is hit by Dainius Zubrus and loses puck.
8:24 of 3rd period - Penalty to Carlo Colaiacovo is over, Carlo Colaiacovo is back on ice.
8:41 of 3rd period - Wrist shot by Carlo Colaiacovo.
8:41 of 3rd period - Shot Misses the Net.
8:43 of 3rd period - Slapshot by Derian Hatcher.
8:43 of 3rd period - Shot Misses the Net.
8:45 of 3rd period - Wrist shot by Denis Arkhipov.
8:45 of 3rd period - Shot Blocked by Milan Michalek.
8:47 of 3rd period - Wrist shot by Steve Staios.
8:47 of 3rd period - Stopped by Niklas Backstrom with a rebound.
8:49 of 3rd period - Wrist shot by Denis Arkhipov.
8:49 of 3rd period - Shot Misses the Net.
8:57 of 3rd period - Snap shot by Carlo Colaiacovo.
8:57 of 3rd period - Shot Blocked by Ed Jovanovski.
9:35 of 3rd period - Wrist shot by Denis Arkhipov.
9:35 of 3rd period - Shot Misses the Net.
9:37 of 3rd period - Wrist shot by Denis Arkhipov.
9:37 of 3rd period - Stopped by Niklas Backstrom with a rebound.
9:39 of 3rd period - Wrist shot by Carlo Colaiacovo.
9:39 of 3rd period - Shot Misses the Net.
9:41 of 3rd period - Wrist shot by Carlo Colaiacovo.
9:41 of 3rd period - Stopped by Niklas Backstrom with a rebound.
10:01 of 3rd period - Snap shot by Milan Michalek.
10:01 of 3rd period - Stopped by Ondrej Pavelec with a rebound.
10:07 of 3rd period - Slapshot by Steve Staios.
10:07 of 3rd period - Stopped by Niklas Backstrom with a rebound.
10:09 of 3rd period - Slapshot by Steve Staios.
10:09 of 3rd period - Deflect By Carlo Colaiacovo.
10:09 of 3rd period - Stopped by Niklas Backstrom with a rebound.
10:15 of 3rd period - Wrist shot by Carlo Colaiacovo.
10:15 of 3rd period - Deflect By Denis Arkhipov.
10:15 of 3rd period - Shot Misses the Net.
10:15 of 3rd period - Puck is out of play.
10:16 of 3rd period - Peter Forsberg wins face-off versus Nicklas Backstrom in Capitals zone.
12:11 of 3rd period - Bryce Salvador is hit by Marc-Édouard Vlasic and loses puck.
12:40 of 3rd period - Icing by Tom Preissing.
12:41 of 3rd period - Thomas Vanek wins face-off versus Jere Lehtinen in Penguins zone.
13:54 of 3rd period - Bobby Ryan is hit by Riley Armstrong.
14:38 of 3rd period - Icing by Ales Hemsky.
14:39 of 3rd period - Ryan Kesler wins face-off versus Nicklas Backstrom in Capitals zone.
14:56 of 3rd period - Brian Rafalski is hit by Ted Purcell and loses puck.
16:33 of 3rd period - Mike Watt is hit by Bryce Salvador and loses puck.
17:14 of 3rd period - Wrist shot by Evgeni Malkin.
17:14 of 3rd period - Shot Misses the Net.
17:20 of 3rd period - Ed Jovanovski is hit by Ryan Getzlaf.
17:52 of 3rd period - Slapshot by Carlo Colaiacovo.
17:52 of 3rd period - Stopped by Niklas Backstrom with a rebound.
17:54 of 3rd period - Slapshot by Tom Preissing.
17:54 of 3rd period - Stopped by Niklas Backstrom with a rebound.
18:05 of 3rd period - Icing by Bryce Salvador.
18:06 of 3rd period - Brooks Laich wins face-off versus Ryan Kesler in Capitals zone.
18:37 of 3rd period - Wrist shot by Mike Watt.
18:37 of 3rd period - Shot Blocked by Ryan Suter.
19:08 of 3rd period - Ted Purcell is hit by Bobby Ryan and loses puck.
19:15 of 3rd period - Penguins, Ondrej Pavelec is pulled from the net.
19:48 of 3rd period - Snap shot by Peter Forsberg.
19:48 of 3rd period - Shot Blocked by Brooks Laich.
19:50 of 3rd period - Snap shot by Peter Forsberg.
19:50 of 3rd period - Stopped by Niklas Backstrom with a rebound.
19:54 of 3rd period - Wrist shot by Ted Purcell.
19:54 of 3rd period - Stopped by Niklas Backstrom without a rebound.
19:55 of 3rd period - Joel Quenneville call a timeout for Penguins.
19:55 of 3rd period - Peter Forsberg wins face-off versus Milan Michalek in Capitals zone.
Output by the SimonT Hockey Simulator (STHS) for François Prévost -- Original Page W3C XHTML 1.0 Valid